 Dungeon Crawl Stone Soup version 0.19.0-22-gd96e5fe (webtiles) character file.

6203 esc the Slinger (level 10, -7/79 HPs)
             Began as a Demonspawn Hunter on Nov 18, 2016.
             Was a Believer of Uskayaw.
             Mangled by a five-headed hydra (9 damage)
             ... on level 2 of the Lair of Beasts.
             The game lasted 00:30:16 (12592 turns).

esc the Slinger (Demonspawn Hunter)                Turns: 12592, Time: 00:30:17

Health: -7/79      AC: 13    Str: 16    XL:     10   Next: 61%
Magic:  8/14       EV: 16    Int: 13    God:    Uskayaw [**....]
Gold:   587        SH:  3    Dex: 13    Spells: 1 memorised, 8 levels left

rFire  . . .     SeeInvis +     a - +1 hunting sling
rCold  . . .     Gourm    .     z - +1 robe "Soure" {Slay+2} (curse)
rNeg   . . .     Faith    .     (no shield)
rPois  +         Spirit   .     u - +2 helmet
rElec  .         Reflect  +     (no cloak)
rCorr  .         Harm     .     (no gloves)
MR     .....                    J - +0 pair of boots (curse)
Stlth  ++++++....               H - +3 amulet of reflection
                                N - ring of see invisible {sInv, !d}
                                O - ring of poison resistance {rPois, !d}

@: sanguine armour
A: nightstalker 3, powered by death 1, sanguine armour 1
a: Stomp, Line Pass, Renounce Religion


You were on level 2 of the Lair of Beasts.
You worshipped Uskayaw.
Uskayaw was noncommittal.
You were hungry.

You visited 3 branches of the dungeon, and saw 12 of its levels.
You also visited: Ossuary.

You collected 769 gold pieces.
You spent 182 gold pieces at shops.

Inventory:

Hand Weapons
 a - a +1 hunting sling (weapon)
 g - a +0 blowgun
   (You took it off a kobold on level 3 of the Dungeon)
 T - a +1 dagger of venom
   (You found it on level 9 of the Dungeon)
Missiles
 d - 26 sling bullets
 n - 31 poisoned needles
 D - 47 stones (quivered)
 I - 5 throwing nets {=f, !d}
Armour
 i - a +0 ring mail of fire resistance
   (You found it on level 1 of the Dungeon)
 u - a +2 helmet (worn)
   (You found it on level 3 of the Dungeon)
 z - the cursed +1 robe "Soure" (worn) {Slay+2}
   (You found it on level 4 of the Dungeon)

   It affects your accuracy and damage with ranged weapons and melee attacks
   (+2).
   It has a curse placed upon it.
 J - a cursed +0 pair of boots (worn)
   (You found it on level 6 of the Dungeon)
Jewellery
 q - an uncursed ring of resist corrosion
   (You took it off a goblin on level 3 of the Dungeon)
 v - an uncursed ring of flight {+Fly, !d}
   (You found it on level 4 of the Dungeon)
 G - an uncursed amulet of the gourmand {Gourm, !d}
   (You found it on level 8 of the Dungeon)
 H - a +3 amulet of reflection (around neck)
   (You found it on level 1 of the Lair of Beasts)
 N - a ring of see invisible (right hand) {sInv, !d}
   (You found it on level 7 of the Dungeon)
 O - a ring of poison resistance (left hand) {rPois, !d}
   (You found it on level 9 of the Dungeon)
Wands
 o - a wand of polymorph (8/24)
   (You found it on level 1 of the Lair of Beasts)
 B - a wand of acid (6/15)
   (You found it on level 5 of the Dungeon)
 E - a wand of lightning (2/15)
   (You found it on level 7 of the Dungeon)
 Q - a wand of flame (30/48)
   (You found it on level 7 of the Dungeon)
Scrolls
 e - 3 scrolls of teleportation
 h - 2 scrolls of noise {!r}
 k - 3 scrolls of recharging
 l - 2 scrolls of amnesia
 m - 7 scrolls of remove curse
 p - 2 scrolls of enchant weapon
 s - a scroll of fog
 w - a scroll of fear
 x - 2 scrolls of enchant armour
 y - a scroll of immolation {!r}
 A - 3 scrolls of random uselessness
Potions
 b - a potion of might
 c - a potion of cure mutation {!q}
 j - a potion of brilliance
 C - 2 potions of flight
 F - 2 potions of haste
 R - a potion of resistance
Comestibles
 f - 6 bread rations {@e1}
 r - 34 fruits
 t - 6 meat rations {@e2}
 K - 5 chunks of flesh {@w0}
 L - a beef jerky
 P - a slice of pizza
 S - a royal jelly


   Skills:
 - Level 7.6 Fighting
 + Level 9.8 Slings
 - Level 2.9 Armour
 - Level 7.2 Dodging
 - Level 4.2 Stealth
 - Level 5.6 Invocations


You had 8 spell levels left.
You knew the following spells:

 Your Spells              Type           Power        Failure   Level  Hunger
g - Apportation           Tloc           #.........   30%         1    ##.....


Dungeon Overview and Level Annotations

Branches:
Dungeon (9/15)             Temple (1/1) D:4            Lair (2/6) D:8
 Spider (0/4) Lair:2
  Swamp: Lair:2-4    Shoals: Lair:2-4       Orc: D:9-12

Altars:
Ashenzari
Dithmenos
Elyvilon
Gozag
Sif Muna
Uskayaw
Xom
Yredelemnul
Zin

Shops:
D:6 !

Annotations:
D:4 exclusion: Blork the orc, Blork the orc
Lair:1 exclusions: 4 plants and 24 more exclusions
Lair:2 Urug


Innate Abilities, Weirdness & Mutations

You are completely attuned to the shadows.
You regenerate a little health from kills.
When seriously injured, your bleeding wounds create armour. (AC +6)


Message History

This wand has 0 charges left.
Urug screams, "Die, harpy!"
Urug throws a javelin.
You reflect the javelin off an invisible shield around you!
The javelin hits Urug!
Urug is nearby!
Aim: Urug, wielding a demon trident of electrocution and wearing a scale mail (heavily wounded, chance to defeat MR: 28%)
Okay, then.
Aim: Urug, wielding a demon trident of electrocution and wearing a scale mail (heavily wounded)
You hear a mighty clap of thunder!
The bolt of lightning hits Urug.
You hear a bellow!
You hear an angry hiss.
Evoking this partially-identified wand wasted a few charges.
You hear a bellow! x2; You hear a loud, deep croak!
You hear a roar!
You hear a loud, deep croak!
You hear an angry hiss.
You hear a croak. x3
You hear a loud, deep croak!
You hear a bellow!
Urug throws a javelin.
The javelin barely misses you.
You can now pass through a line of other dancers.
Aim: Urug, wielding a demon trident of electrocution and wearing a scale mail (almost dead)
You hear a mighty clap of thunder!
The bolt of lightning misses Urug.
Evoking this partially-identified wand wasted a few charges.
You hear a roar!
You hear a loud, deep croak!
You hear a bellow!
Urug throws a javelin.
The javelin hits you!
A porcupine and a yak come into view.
You take 13 damage, and have 66/79 hp.
Aim: Urug, wielding a demon trident of electrocution and wearing a scale mail (almost dead)
You hear a mighty clap of thunder!
The bolt of lightning misses Urug.
Evoking this partially-identified wand wasted a few charges.
You hear a roar!
You hear a loud, deep croak!
Urug throws a javelin.
The javelin hits you!!
Your blood congeals into armour.
Uskayaw will force your foes to helplessly watch your dance.
Uskayaw prepares the audience for your solo!
You take 24 damage, and have 42/79 hp.
MASSIVE DAMAGE!!
Aim: Urug, wielding a demon trident of electrocution and wearing a scale mail (severely wounded, paralysed)
Okay, then.
Okay, then.
The porcupine is no longer paralysed.
Okay, then.
Urug throws a javelin.
The javelin closely misses you.
Uskayaw will no longer force your foes to helplessly watch your dance.
Aim: a porcupine You shoot a stone.
The stone hits the porcupine but does no damage.
You hear a splash.
You block the porcupine's attack.
You stomp with the beat, sending a shockwave through the revelers around you!
You feel somewhat more hungry.
You can no longer pass through a line of other dancers.
The redback bites you but does no damage.
The porcupine bites you but does no damage.
You can now pass through a line of other dancers.
You now have 11/14 mp.
You stomp with the beat, sending a shockwave through the revelers around you!
You are feeling hungry.
You can no longer pass through a line of other dancers.
The redback bites you! The porcupine bites you.
The redback completely misses you.
You can now pass through a line of other dancers.
You take 9 damage, and have 35/79 hp.
You now have 8/14 mp.
Aim: a porcupine (almost dead)
You shoot a stone. The stone hits the porcupine!
You kill the porcupine!
Urug hits you from afar with a demon trident of electrocution.
You are electrocuted!
* * * LOW HITPOINT WARNING * * *
The redback bites you but does no damage.
You take 15 damage, and have 20/79 hp.
Urug hits you from afar with a demon trident of electrocution.
* * * LOW HITPOINT WARNING * * *
You take 3 damage, and have 17/79 hp.
Okay, then.
As you read the scroll labeled MIRGHOI QOECUS, it crumbles to dust.
You hear a loud clanging noise!
It was a scroll of noise.
The bullfrog gives a loud, deep croak!
You hear a bellow!
You hear a croak.
You hear a roar!
You hear a loud, deep croak!
You hear an angry hiss.
You hear a bellow! x3
The redback bites you.
* * * LOW HITPOINT WARNING * * *
Urug closely misses you. The redback bites you!
* * * LOW HITPOINT WARNING * * *
A water moccasin comes into view.
You take 16 damage, and have 1/79 hp.
MASSIVE DAMAGE!!
Unknown command.
As you read the scroll labeled IDEOMI YPILIU, it crumbles to dust.
The dust glows brilliant grey!
It was a scroll of random uselessness.
The redback splashes around in the water.
Urug barely misses you.
A yak comes into view.
As you read the scroll labeled MORPHI RIKHUCEO, it crumbles to dust.
It is a scroll of recharging.
Charge which item? (? for menu, Esc to quit)
Your wand of acid (0/15) glows for a moment and now has 6 charges.
The redback splashes around in the water.
The five-headed hydra bites you!
You die...

♣...≈.≈ ♣...≈≈.≈
♣♣...≈≈≈...
♣♣♣♣♣...S....>..
(...o.Y.Y≈≈≈...≈≈
D.Y#..##oDF.≈.≈.≈≈
## #####.s@≈≈.≈≈.≈
##.≈≈≈.≈≈≈.
##P#......
###...... #P.....
##..... #.....
#..... .....
##....>


You could see a five-headed hydra, Urug, 2 yaks, a water moccasin, a redback and
a bullfrog.

Vanquished Creatures
  A spiny frog (Lair:1)
  Grinder (D:5)
  A hippogriff (D:8)
  3 blink frogs (Lair:1)
  Sigmund (D:5)
  7 yaks
  A wyvern (D:8)
  A basilisk (Lair:1)
  Menkaure (D:4)
  A porcupine (Lair:2)
  A water moccasin (Lair:1)
  2 orc warriors
  2 phantoms
  2 sky beasts
  3 ogres
  3 crocodiles
  An elf zombie (Ossuary)
  A gnoll sergeant (D:7)
  5 bullfrogs
  3 scorpions
  3 wights (D:6)
  4 howler monkeys
  4 crimson imps
  2 centaur zombies (Ossuary)
  A bullfrog zombie (D:5)
  A quasit (D:8)
  4 hounds
  4 orc priests
  7 orc wizards
  An iguana (D:9)
  3 worker ants
  2 ogre zombies (D:9)
  A big kobold zombie (Ossuary)
  A hound zombie (D:7)
  2 mummies (Ossuary)
  10 adders
  11 gnolls
  2 river rats (D:8)
  A shadow imp (D:5)
  An ooze (D:1)
  2 adder skeletons
  5 adder zombies (Ossuary)
  A worm (D:5)
  A dart slug (D:1)
  5 leopard geckos
  30 orcs
  A ball python (D:2)
  2 giant cockroaches
  12 goblins
  8 hobgoblins
  16 jackals
  7 kobolds
  3 quokkas
  12 bats
  5 frilled lizards
  A goblin skeleton (D:9)
  A goblin zombie (Ossuary)
  10 hobgoblin zombies
  2 jackal zombies (Ossuary)
  7 kobold zombies (Ossuary)
  A leopard gecko skeleton (D:5)
  A leopard gecko zombie (D:5)
  13 orc zombies
  A quokka skeleton (D:5)
  15 rats
  A rat zombie (Ossuary)
269 creatures vanquished.

Vanquished Creatures (others)
  A plant (Lair:1)
1 creature vanquished.

Grand Total: 270 creatures vanquished

Notes
Turn   | Place    | Note
-------+----------+-------------------------------------------
     0 | D:1      | esc the Demonspawn Hunter began the quest for the Orb.
     0 | D:1      | Reached XP level 1. HP: 16/16 MP: 1/1
    70 | D:1      | Reached skill level 2 in Dodging
   195 | D:1      | Gained mutation: You are slightly more attuned to the shadows. [demonic ancestry]
   195 | D:1      | Reached XP level 2. HP: 22/22 MP: 2/2
   596 | D:1      | Reached XP level 3. HP: 28/28 MP: 3/3
   745 | D:2      | Found an opulent altar of Gozag.
  1303 | D:2      | Reached skill level 1 in Armour
  1676 | D:3      | Reached skill level 4 in Slings
  1894 | D:3      | Gained mutation: You regenerate a little health from kills. [demonic ancestry]
  1894 | D:3      | Reached XP level 4. HP: 24/34 MP: 4/4
  2204 | D:3      | Gained mutation: You are significantly more attuned to the shadows. [demonic ancestry]
  2204 | D:3      | Reached XP level 5. HP: 32/40 MP: 5/5
  2208 | D:3      | Reached skill level 3 in Dodging
  2226 | D:3      | Reached skill level 3 in Fighting
  2251 | D:4      | Noticed Menkaure
  2258 | D:3      | HP: 8/41 [orc wizard/dagger (4)]
  2264 | D:3      | HP: 9/41 [something/puff of flame (4)]
  2699 | D:3      | Reached skill level 2 in Armour
  3362 | D:4      | Found a staircase to the Ecumenical Temple.
  3369 | Temple   | Entered the Ecumenical Temple
  3381 | Temple   | Became a worshipper of Uskayaw the Reveler
  3449 | D:4      | Reached * piety under Uskayaw
  3451 | D:4      | Reached ** piety under Uskayaw
  3453 | D:4      | Reached XP level 6. HP: 45/47 MP: 6/6
  3875 | D:4      | HP: 9/47 [orc priest/nerve-wracking pain (9)]
  3876 | D:4      | Reached *** piety under Uskayaw
  4319 | D:4      | Killed Menkaure
  4319 | D:4      | Reached skill level 4 in Fighting
  4512 | D:4      | Reached skill level 5 in Slings
  4638 | D:4      | Got a wizard robe
  4649 | D:4      | Identified the cursed +1 robe "Soure" {Slay+2} (You found it on level 4 of the Dungeon)
  4684 | D:4      | Gained mutation: You are completely attuned to the shadows. [demonic ancestry]
  4684 | D:4      | Reached XP level 7. HP: 54/54 MP: 7/7
  4796 | D:4      | Reached skill level 4 in Dodging
  4798 | D:4      | Reached **** piety under Uskayaw
  4803 | D:4      | Reached ***** piety under Uskayaw
  5076 | D:4      | Noticed Blork the orc
  5145 | D:5      | Entered Level 5 of the Dungeon
  5279 | D:5      | Found a sand-covered staircase.
  5309 | Ossuary  | Entered an ossuary
  5668 | Ossuary  | Reached skill level 5 in Fighting
  5836 | D:5      | Gained mutation: When seriously injured, your bleeding wounds create armour. (AC +6) [demonic ancestry]
  5836 | D:5      | Reached XP level 8. HP: 20/62 MP: 8/8
  5865 | D:5      | Reached skill level 5 in Dodging
  6052 | D:5      | Reached skill level 6 in Slings
  6083 | D:5      | Noticed Grinder
  6096 | D:5      | Paralysed by Grinder for 3 turns
  6102 | D:5      | Killed Grinder
  6585 | D:5      | Found an opulent altar of Gozag.
  6593 | D:5      | Reached skill level 6 in Fighting
  6894 | D:5      | Reached skill level 1 in Stealth
  6910 | D:5      | Reached skill level 1 in Invocations
  6999 | D:5      | Noticed Sigmund
  7004 | D:5      | Killed Sigmund
  7086 | D:6      | Reached skill level 2 in Invocations
  7149 | D:6      | Reached skill level 6 in Dodging
  7153 | D:6      | Reached XP level 9. HP: 71/71 MP: 10/10
  7452 | D:6      | Reached skill level 2 in Stealth
  7459 | D:6      | Reached skill level 7 in Slings
  7459 | D:6      | Reached skill level 3 in Invocations
  7585 | D:6      | Found Haajueh's Distillery.
  7588 | D:6      | Bought a potion of curing for 39 gold pieces
  7588 | D:6      | Bought a potion of curing for 39 gold pieces
  7588 | D:6      | Bought a potion of curing for 39 gold pieces
  7588 | D:6      | Bought a potion of heal wounds for 65 gold pieces
  9185 | D:8      | Reached skill level 4 in Invocations
  9283 | D:8      | Noticed an eight-headed hydra
  9347 | D:8      | Reached skill level 3 in Stealth
  9377 | D:8      | Reached skill level 7 in Fighting
 10123 | D:9      | Reached skill level 7 in Dodging
 10135 | D:9      | Reached skill level 5 in Invocations
 10148 | D:9      | Gained mutation: You have an increased reservoir of magic. (+10% MP) [mutagenic meat]
 10149 | D:9      | Gained mutation: Scrolls take you a little longer to read. [mutagenic meat]
 10150 | D:9      | Gained mutation: Your flesh is cold resistant. (rC+) [mutagenic meat]
 10151 | D:9      | Gained mutation: Scrolls take you longer to read. [mutagenic meat]
 10151 | D:9      | Lost mutation: Scrolls take you longer to read. [potion of cure mutation]
 10151 | D:9      | Lost mutation: Scrolls take you a little longer to read. [potion of cure mutation]
 10151 | D:9      | Lost mutation: You have an increased reservoir of magic. (+10% MP) [potion of cure mutation]
 10151 | D:9      | Lost mutation: Your flesh is cold resistant. (rC+) [potion of cure mutation]
 10368 | D:9      | Learned a level 1 spell: Apportation
 10416 | D:8      | Reached XP level 10. HP: 70/79 MP: 13/13
 10433 | D:8      | Found a staircase to the Lair.
 10458 | D:8      | HP: 4/79 [orc warrior/mace (16)]
 10465 | D:8      | Reached skill level 4 in Stealth
 10705 | Lair:1   | Entered Level 1 of the Lair of Beasts
 10886 | Lair:1   | HP: 7/79 [blink frog (15)]
 11148 | Lair:1   | Noticed a spiny frog
 11158 | Lair:1   | Killed a spiny frog
 11608 | Lair:1   | Reached skill level 8 in Slings
 11903 | Lair:1   | HP: 18/79 [water moccasin (4)]
 11907 | Lair:1   | HP: 8/79 [basilisk (6)]
 11909 | Lair:1   | HP: 3/79 [basilisk (2)]
 12327 | Lair:2   | Noticed Urug
 12327 | Lair:2   | Noticed a five-headed hydra
 12478 | Lair:2   | Reached skill level 9 in Slings
 12493 | Lair:2   | Reached ****** piety under Uskayaw
 12543 | Lair:2   | Found a hole to the Spider Nest.
 12589 | Lair:2   | HP: 17/79 [Urug/demon trident of electrocution (3)]
 12590 | Lair:2   | HP: 1/79 [redback (13)]
 12592 | Lair:2   | Mangled by a five-headed hydra

Skill      XL: |  1  2  3  4  5  6  7  8  9 10 |
---------------+-------------------------------+-----
Dodging        | 2 3 4 6 7 |  7.2
Armour         | 1 2 |  2.9
Slings         | 4 5 6 7 9 |  9.8
Fighting       | 3 4 5 6 7 |  7.6
Stealth        | 1 3 4 |  4.2
Invocations    | 2 5 |  5.6

Action                   |  1- 3 |  4- 6 |  7- 9 | 10-12 || total
-------------------------+-------+-------+-------+-------++-------
Melee: Hunting sling     |       |     2 |       |       ||     2
       Short sword       |       |       |    30 |       ||    30
 Fire: Hunting sling     |   136 |   263 |   676 |   180 ||  1255
Throw: Throwing net      |       |       |     1 |       ||     1
Invok: Stomp             |       |     4 |     8 |     6 ||    18
Evoke: Wand              |       |       |     2 |     7 ||     9
  Use: Potion            |       |     5 |     2 |     8 ||    15
       Scroll            |       |       |    14 |     8 ||    22
 Stab: Sleeping          |       |       |     5 |       ||     5
       Paralysed         |       |       |     4 |       ||     4
  Eat: Chunk             |     3 |     8 |    29 |       ||    40
       Fruit             |       |     1 |       |       ||     1
       Bread ration      |       |       |     1 |       ||     1
       Beef jerky        |       |       |     1 |       ||     1
Armor: Ring mail         |    23 |    58 |       |       ||    81
       Robe              |       |       |    91 |    37 ||   128
Dodge: Dodged            |    37 |    86 |   276 |    75 ||   474
Block: Other             |       |       |       |     9 ||     9
       Reflection        |       |       |       |     1 ||     1

Vault maps used:
D:1:      scummos_arrival_simple_fountains
D:2:      grunt_gozag_statues
D:3:      kennysheep_the_goblin_king, first_bread, kennysheep_generic_room_9
D:4:      grunt_decor_arrowhead, uniq_blork_the_orc, uniq_menkaure
D:5:      basic_altar, gup_ossuary_entry_pyramid, uniq_grinder, uniq_sigmund
D:6:      serial_shops, kennysheep_mini_moat, solitary_fountain
D:8:      grunt_lair_entry_orc_guard_hut, blue_anna_alchemist, uniq_erica
D:9:      zombieorc2_lemuel
Temple:   nicolae_temple_the_god_donut
Lair:1:   serial_bayou_lagoon_b, serial_bayou_shore_a
Lair:2:   minmay_swamp_entry_worms, spider_nest_entry_a, uniq_urug
Ossuary:  ossuary_tomb_1

Table legend:
 A = Turns spent in this place as a percentage of turns spent in the entire game.
 B = Non-inter-level travel turns spent in this place as a percentage of non-inter-level travel turns spent in the entire game.
 C = Inter-level travel turns spent in this place as a percentage of turns spent in this place.
 D = Turns resting spent in this place as a percentage of non-inter-level travel turns spent in this place.
 E = Turns spent auto-exploring this place as a percentage of non-inter-level travel turns spent in this place.
 F = Non-inter-level travel turns spent in this place divided by the number of levels of this place that you've seen.
                   A       B       C       D       E      F
               +-------+-------+-------+-------+-------+----------------------
         Total | 100.0 | 100.0 |   0.4 |   3.4 |   9.1 | 233.5
       Dungeon |  78.1 |  78.1 |   0.4 |   2.8 |   9.6 | 263.4
        Temple |   0.4 |   0.4 |   8.3 |   0.0 |  36.4 |  11.0
          Lair |  13.4 |  13.4 |   0.5 |   7.9 |   4.9 | 203.0
       Ossuary |   8.1 |   8.2 |   0.0 |   1.6 |  10.5 | 248.0
               +-------+-------+-------+-------+-------+----------------------

Table legend:
 A = Kills in this place as a percentage of kills in entire the game.
 B = Kills by you in this place as a percentage of kills by you in the entire game.
 C = Kills by friends in this place as a percentage of kills by friends in the entire game.
 D = Other kills in this place as a percentage of other kills in the entire game.
 E = Experience gained in this place as a percentage of experience gained in the entire game.
 F = Experience gained in this place divided by the number of levels of this place that you have seen.
                   A       B       C       D       E      F
               +-------+-------+-------+-------+-------+----------------------
         Total | 100.0 | 100.0 |  -nan |  -nan | 100.0 | 681.7
       Dungeon |  79.9 |  79.9 |  -nan |  -nan |  61.1 | 601.3
          Lair |   5.6 |   5.6 |  -nan |  -nan |  35.5 | 1572.5
       Ossuary |  14.5 |  14.5 |  -nan |  -nan |   3.4 | 305.0
               +-------+-------+-------+-------+-------+----------------------
